Unix NetHack Version 5.0.0-0 post-release - last build May  4 2026 22:22:43 (774f63e81ad911689b3a0859ea89b322d5daca8d,branch:main).

Game began 2026-05-06 04:37:38, ended 2026-05-06 16:10:03.

2932467751, lawful female human Samurai

                        ..--.      ----
                        .^....     |..|
                        !.....   ---).|
                         .....   |....|
                        -..--  ---.----
                        |..----|.).|
                        --.@i..|.---
                         -----..[--
                             |.....|
                              * --.--
                             |   |.<-
                                  ...

2932467751 the Kunoichi  St:15 Dx:17 Co:18 In:10 Wi:7 Ch:8  Lawful
Dlvl:8  $:400 HP:0(54) Pw:23(23) AC:4  Xp:6 T:1638 

Latest messages:
 The gnome wields 5 daggers!
 You kill the gnome!
 You kill the gnome!
 Welcome to experience level 6.
 You hear crashing rock.
 You descend the stairs.
 Kaablamm!  You hear an explosion in the distance!
 You are hit by an arrow.
 You catch the arrow! p - an arrow.
 You see here an arrow.
 The gnome king shoots an arrow!
 You are hit by an arrow.
 You hit the gnome king.
 The gnome king swings his bow.
 The gnome king hits!
 You hit the gnome king.
 You hit the gnome king!
 The gnome king swings his bow.
 The gnome king hits!
 You kill the gnome king!
 You hit the gnome.
 The gnome hits!
 You kill the gnome!
 The dwarf wields a dagger!
 The dagger welds itself to the dwarf's hand!
 You hit the dwarf!
 You hit the dwarf!
 The dwarf thrusts his dagger.
 The dwarf hits!
 You kill the dwarf!
 A board beneath you squeaks a D flat loudly.
 The quasit hits!
 The quasit's sting was poisoned!
 The quasit hits again!
 The quasit bites!
 You hit the quasit.
 You miss the quasit.
 The quasit hits!
 The quasit hits again!
 The quasit misses!
 You hit the quasit.
 The quasit hits!
 The quasit hits again!
 The quasit bites!
 You die...
 Do you want your possessions identified? [ynq] (y) y
 Do you want to see your attributes? [ynq] (y) y
 Do you want an account of creatures vanquished? [ynaq] (y) y
 Do you want to see your conduct and achievements? [ynq] (y) y
 Do you want to see the dungeon overview? [ynq] (y) y

Inventory:
 Coins    ('$')
  $ - 400 gold pieces
 Weapons  (')')
  p - a +0 arrow
  f - a +0 crossbow bolt
  d - 34 +0 ya (in quiver)
  c - a +0 yumi
  l - a +0 dagger
  a - a blessed +0 katana
  i - a +0 scimitar
  b - a blessed +0 wakizashi (alternate weapon; not wielded)
 Armor    ('[')
  k - an uncursed +0 orcish helm
  m - a cursed +0 orcish helm
  e - an uncursed rustproof +0 splint mail (being worn)
 Comestibles  ('%')
  n - an uncursed eucalyptus leaf
  o - 3 uncursed tripe rations
 Gems/Stones  ('*')
  h - an uncursed worthless piece of green glass
  j - an uncursed worthless piece of yellow glass

2932467751 the Samurai's attributes:

Background:
 You were a Kunoichi, a level 6 female human Samurai.
 You were lawful, on a mission for Amaterasu Omikami
 who was opposed by Raijin (neutral) and Susanowo (chaotic).
 You were left-handed.
 You were in the Gnomish Mines, on level 8.
 You entered the dungeon 1638 turns ago.
 You had 378 experience points, 262 more were needed to attain level 7.

Basics:
 You had 0 out of 54 hit points.
 You had all 23 energy points (spell power).
 Your armor class was 4.
 Your wallet contained 400 zorkmids.
 Autopickup was off.

Final Characteristics:
 Your strength was 15 (limit:18/100).
 Your dexterity was 17 (limit:18).
 Your constitution was 18 (limit:18).
 Your intelligence was 10 (limit:18).
 Your wisdom was 7 (limit:18).
 Your charisma was 8 (limit:18).

Final Status:
 You weren't hungry.
 You were unencumbered.
 You were bare handed.
 You had basic skill with martial arts.

Final Attributes:
 You were devoutly aligned.
 You were warded.
 You were fast.
 You are dead.

Miscellaneous:
 You didn't encounter any bones levels.
 Total elapsed playing time was 1 hour, 30 minutes and 50 seconds.

Major events:
 Turn
    1: 2932467751 the lawful female human Samurai entered the dungeon
  366: entered the Gnomish Mines
  443: attained the rank of Ronin (level 3)
 1214: reached Mine Town
 1584: attained the rank of Kunoichi (level 6)
 1638: killed by a quasit

You didn't know any spells.

Skills:
 Fighting Skills
   martial arts      [Basic]
   two weapon combat [Unskilled]
   riding            [Unskilled]
 Weapon Skills
   dagger            [Unskilled]
   knife             [Unskilled]
   short sword       [Basic]
   broadsword        [Unskilled]
   long sword        [Basic]
   two-handed sword  [Unskilled]
   saber             [Unskilled]
   flail             [Unskilled]
   quarterstaff      [Unskilled]
   polearms          [Unskilled]
   spear             [Unskilled]
   lance             [Unskilled]
   bow               [Basic]
   shuriken          [Unskilled]
 Spellcasting Skills
   attack spells     [Unskilled]
   divination spells [Unskilled]
   clerical spells   [Unskilled]

Voluntary challenges:
 Character rerolling was not enabled.
 You were illiterate.
 You never genocided any monsters.
 You never polymorphed an object.
 You never changed form.
 You used no wishes.
Achievements:
 You entered the Gnomish Mines.
 You attained the rank of Ronin.
 You entered Minetown.
 You attained the rank of Kunoichi.

 The Dungeons of Doom: levels 1 to 3
    Level 1:
    Level 2:
       A fountain.
    Level 3:
       A fountain, a grave.
       Stairs down to The Gnomish Mines.
 The Gnomish Mines: levels 4 to 8
    Level 4:
    Level 5:
    Level 6:
       An altar, a fountain.
    Level 7:
    Level 8: <- You were here.
       Final resting place for
          you, killed by a quasit.


Vanquished creatures:
  a leprechaun
  a gnome ruler
 an Uruk-hai
 an orc shaman
  a rock piercer
  a shrieker
  5 gnome leaders
  a gnomish wizard
  a straw golem
  3 floating eyes
  5 dwarves
  a homunculus
  2 hill orcs
  3 orc zombies
 an iguana
 an orc
  a giant rat
  a yellow mold
  a red mold
 20 gnomes
  a gnome zombie
  2 geckos
  2 jackals
  3 grid bugs
  2 newts
62 creatures vanquished.

No species were genocided or became extinct.

Game over:
                       ----------
                      /          \
                     /    REST    \
                    /      IN      \
                   /     PEACE      \
                  /                  \
                  |    2932467751    |
                  |      400 Au      |
                  |   killed by a    |
                  |      quasit      |
                  |                  |
                  |                  |
                  |       2026       |
                 *|     *  *  *      | *
        _________)/\\_//(\/(/\)/\//\/|_)_______

Sayonara 2932467751 the Samurai...

You died in The Gnomish Mines on dungeon level 8 with 2242 points,
and 400 pieces of gold, after 1638 moves.
You were level 6 with a maximum of 54 hit points when you died.

